 Dungeon Crawl Stone Soup version 0.16-a0-3712-g87ae24a (webtiles) character file.

1547 JamesBald the Skirmisher (level 8, -4/71 HPs)
             Began as a Minotaur Berserker on Jan 20, 2015.
             Was a High Priest of Trog.
             Slain by an ogre
             ... wielding a +0 giant spiked club
              (24 damage)
             ... on level 6 of the Dungeon.
             The game lasted 00:50:26 (7298 turns).

JamesBald the Skirmisher (Minotaur Berserker)       Turns: 7298, Time: 00:50:26

Health: -4/71      AC: 11    Str: 23    XL:     8   Next: 57%
Magic:  3/3        EV:  6    Int:  4    God:    Trog [*****.]
Gold:   172        SH: 15    Dex: 11    Spells: 0 memorised, 7 levels left

rFire  . . .     SeeInvis +     s - +1 hand axe (freeze)
rCold  . . .     Clarity  .     e - +0 chain mail (curse)
rNeg   . . .     SustAb   .     a - +0 large shield (curse)
rPois  .         Gourm    .     (helmet restricted)
rElec  .         Spirit   .     m - +0 cloak
rCorr  .         Warding  .     (no gloves)
rMut   .         Stasis   .     (no boots)
MR     ++...                    (no amulet)
Stlth  ..........               y - ring of see invisible
                                p - ring of invisibility

@: regenerating, very resistant to hostile enchantments, extremely unstealthy
A: retaliatory headbutt, horns 2
a: Burn Spellbooks, Berserk, Trog's Hand, Brothers in Arms, Renounce Religion,
Evoke Invisibility


You were on level 6 of the Dungeon.
You worshipped Trog.
Trog was extremely pleased with you.
You were not hungry.

You visited 1 branch of the dungeon, and saw 6 of its levels.

You collected 172 gold pieces.

Inventory:

Hand weapons
 s - a +1 hand axe of freezing (weapon)
 w - a +3 spear
Missiles
 v - a throwing net (quivered)
Armour
 a - a cursed +0 large shield (worn)
 e - a cursed +0 chain mail (worn)
 m - a +0 cloak (worn)
 z - a +3 leather armour of poison resistance
Jewellery
 p - a ring of invisibility (left hand)
 x - an uncursed ring of stealth
 y - a ring of see invisible (right hand)
Magical devices
 k - a wand of teleportation (4)
 u - a wand of disintegration (11)
 A - a wand of lightning (7)
Scrolls
 d - 6 scrolls of amnesia
 h - 2 scrolls of identify
 o - a scroll of teleportation
 q - a scroll of blinking {unknown}
 r - a scroll of fear {unknown}
 t - a scroll of fog
 B - a scroll of magic mapping {unknown}
Potions
 f - 2 potions of flight
 j - a potion of brilliance {unknown}
 l - a potion of ambrosia {unknown}
 n - 2 potions of curing
Books
 g - a book of Callings

   Spells                             Type                      Level
   a - Summon Small Mammal            Summoning                    1
   b - Call Imp                       Summoning                    2
   c - Call Canine Familiar           Summoning                    3
   d - Summon Guardian Golem          Hexes/Summoning              4
   e - Summon Lightning Spire         Summoning/Air                4
   f - Summon Ice Beast               Ice/Summoning                4
   Trog disapproves of the use of such an item.
Comestibles
 b - a bread ration
 c - a beef jerky
 i - 3 meat rations


   Skills:
 + Level 6.9 Fighting
 + Level 6.8 Axes
 + Level 6.1 Armour
 + Level 5.2 Dodging
 + Level 1.0 Stealth
 + Level 5.8 Shields


You had 7 spell levels left.
You didn't know any spells.

Dungeon Overview and Level Annotations

Branches:
Dungeon (6/15)
 Temple: D:4-7

Altars:
Makhleb
Xom
Zin
The Shining One

Annotations:
D:6 Pikel


Innate Abilities, Weirdness & Mutations

You reflexively headbutt those who attack you in melee.
You have a pair of horns on your head.


Message History

You feel resistant to hostile enchantments.
You feel slightly more hungry.
You feel sick.
You see here a killer bee corpse.
Your shield and chain mail prevent you from hitting the ogre.
You feel sick. You block the ogre's attack.
You closely miss the ogre. You headbutt the ogre.
The ogre is lightly wounded.
You hit the ogre. You freeze the ogre.
The ogre is moderately wounded.
You block the ogre's attack.
You hit the ogre. You freeze the ogre. You headbutt the ogre!
The ogre is almost dead.
You feel sick.
The ogre hits you with a giant spiked club!
* * * LOW HITPOINT WARNING * * *
You feel better.
You barely miss the ogre.
The ogre is almost dead.
The ogre hits you with a giant spiked club!!
You die...

...........#
..........##
#######...####
##..##....#
##..# #..###
....# #.#.#
.....# #.###
..... #O#
#..##@#
#..#.## .
#....#
#.#####.####
##.....#.#
##........#
......###.##
#....##...#
#........#


You could see an ogre.

Vanquished Creatures
  Eustachio (D:5)
  Menkaure (D:4)
  A phantom (D:5)
  A giant frog (D:6)
  A gnoll sergeant (D:5)
  6 killer bees (D:6)
  2 crimson imps (D:5)
  2 orc priests
  A jelly (D:5)
  An iguana (D:5)
  2 hounds (D:4)
  3 giant frog skeletons
  An iron imp (D:5)
  2 worker ants (D:4)
  3 orc wizards
  Robin (D:4)
  14 gnolls (D:5)
  11 adders
  4 worms
  An ooze (D:4)
  20 orcs
  A ball python (D:1)
  8 bats
  2 bat skeletons (D:5)
  4 giant cockroaches
  16 goblins
  19 hobgoblins
  4 jackals (D:2)
  6 quokkas
  4 giant geckos
  5 giant newts
  12 kobolds
  A quokka zombie (D:5)
  11 rats
172 creatures vanquished.

Notes
Turn   | Place    | Note
--------------------------------------------------------------
     0 | D:1      | JamesBald, the Minotaur Berserker, began the quest for the Orb.
     0 | D:1      | Reached XP level 1. HP: 19/19 MP: 1/1
   268 | D:1      | Reached XP level 2. HP: 25/27 MP: 1/1
   341 | D:1      | Reached skill level 4 in Fighting
   897 | D:2      | Reached XP level 3. HP: 19/34 MP: 2/2
  1273 | D:2      | Acquired Trog's second power
  1694 | D:2      | Reached XP level 4. HP: 22/41 MP: 2/2
  2711 | D:3      | Found a shimmering altar of Xom.
  2787 | D:3      | Reached skill level 5 in Fighting
  2926 | D:3      | Found a burning altar of Makhleb.
  2938 | D:3      | Reached XP level 5. HP: 48/48 MP: 2/2
  3036 | D:3      | Found a glowing silver altar of Zin.
  3781 | D:4      | Reached skill level 5 in Axes
  3781 | D:4      | Reached XP level 6. HP: 47/56 MP: 3/3
  3840 | D:4      | Noticed Robin
  3864 | D:4      | Killed Robin
  3864 | D:4      | Reached skill level 1 in Shields
  4017 | D:4      | Acquired Trog's third power
  4283 | D:4      | Noticed Menkaure
  4291 | D:4      | Killed Menkaure
  4609 | D:4      | Reached XP level 7. HP: 58/62 MP: 3/3
  5033 | D:5      | Entered Level 5 of the Dungeon
  5142 | D:5      | Reached skill level 6 in Fighting
  5156 | D:5      | Found a glowing golden altar of the Shining One.
  5512 | D:5      | Reached skill level 5 in Armour
  6104 | D:5      | Reached XP level 8. HP: 71/71 MP: 3/3
  6116 | D:5      | Noticed Eustachio
  6699 | D:5      | Killed Eustachio
  6799 | D:6      | Noticed Pikel
  6916 | D:6      | Reached skill level 5 in Shields
  7241 | D:6      | Reached skill level 5 in Dodging
  7241 | D:6      | Reached skill level 1 in Stealth
  7298 | D:6      | Slain by an ogre

Action                   |  1- 3 |  4- 6 |  7- 9 || total
-------------------------+-------+-------+-------++-------
Melee: Hand axe          |    77 |   173 |   219 ||   469
Invok: Berserk           |       |     1 |     1 ||     2
       Trog's Hand       |       |       |     1 ||     1
  Use: Scroll            |     1 |     7 |     4 ||    12
       Potion            |       |       |     3 ||     3
  Eat: Bread ration      |     1 |       |     2 ||     3
       Meat ration       |       |     2 |       ||     2
       Beef jerky        |       |       |     1 ||     1
